[ AOE2 MATCH · #483717062 ]
Team RMSpanish vs Muisca
[ REPLAY ANALYSIS · EXTRACTED FROM THE RECORDED GAME ]
Feudal
17:55
Castle
31:10
Imperial
—
| APM avg | 31.2 |
| APM peak | 125 |
| eAPM avg | 16.5 |
| Villagers / military | 117 / 47 |
Focus
⚔️ 12.5% · 🌾 87.5%
Skirmisher ×27 · Militia ×11 · Cavalry Archer ×4 · Scout Cavalry ×3 · Battering Ram ×2
Feudal
21:52
Castle
26:05
Imperial
47:03
| APM avg | 14.3 |
| APM peak | 41 |
| eAPM avg | 8.6 |
| Villagers / military | 122 / 85 |
Focus
⚔️ 12.8% · 🌾 87.2%
Spearman ×65 · Trade Cart ×10 · Battering Ram ×8 · Longbowman ×5 · Trebuchet (Packed) ×5 · Monk ×2
Feudal
18:56
Castle
26:57
Imperial
45:34
| APM avg | 10.0 |
| APM peak | 31 |
| eAPM avg | 8.5 |
| Villagers / military | 107 / 119 |
Focus
⚔️ 26.7% · 🌾 73.3%
Cavalry Archer ×40 · Keshik ×25 · Scout Cavalry ×21 · Steppe Lancer ×20 · Trebuchet (Packed) ×10 · Battering Ram ×2
Feudal
14:37
Castle
23:54
Imperial
43:27
| APM avg | 13.8 |
| APM peak | 32 |
| eAPM avg | 10.0 |
| Villagers / military | 144 / 57 |
Focus
⚔️ 27.6% · 🌾 72.4%
Scout Cavalry ×18 · Knight ×16 · Militia ×12 · Trade Cart ×7 · Cataphract ×6 · Spearman ×2
Feudal
12:33
Castle
24:30
Imperial
40:56
| APM avg | 13.7 |
| APM peak | 38 |
| eAPM avg | 10.5 |
| Villagers / military | 104 / 14 |
Focus
⚔️ 24.8% · 🌾 75.2%
Unknown (2586) ×84 · Unknown (2550) ×60 · Battering Ram ×11 · Trade Cart ×8 · Monk ×2 · Trebuchet (Packed) ×1
Feudal
16:58
Castle
23:20
Imperial
38:12
| APM avg | 39.7 |
| APM peak | 84 |
| eAPM avg | 18.9 |
| Villagers / military | 109 / 116 |
Focus
⚔️ 18.1% · 🌾 81.9%
Archer ×64 · War Elephant ×45 · Mangonel ×5 · Trebuchet (Packed) ×2
Feudal
13:48
Castle
21:47
Imperial
41:28
| APM avg | 17.9 |
| APM peak | 65 |
| eAPM avg | 10.7 |
| Villagers / military | 145 / 117 |
Focus
⚔️ 20.6% · 🌾 79.4%
Spearman ×68 · Hussite Wagon ×38 · Scorpion ×6 · Battering Ram ×3 · Monk ×2
Feudal
22:30
Castle
35:28
Imperial
52:42
| APM avg | 18.6 |
| APM peak | 49 |
| eAPM avg | 12.3 |
| Villagers / military | 92 / 74 |
Focus
⚔️ 28.8% · 🌾 71.2%
Militia ×33 · Archer ×20 · Mangonel ×10 · Woad Raider ×10 · Monk ×1
Match map
Resources at game start + every placement click. Thick line = wall · dashed box = detected house wall. 🟡 gold · ⚪ stone · 🟢 berries · 🔶 boar · ⭕ relic
Inputs per minute
— Frostfel - - Le Tapete
Build order — Frostfel
First 150 of 236 actions detected
| 0:04 | Build | House |
| 0:05 | Build | House |
| 0:08 | Create | Villager (Male) |
| 0:09 | Create | Villager (Male) |
| 0:09 | Create | Villager (Male) |
| 0:09 | Create | Villager (Male) |
| 0:15 | Research | Loom |
| 0:20 | Create | Villager (Male) |
| 0:21 | Create | Villager (Male) |
| 0:21 | Create | Villager (Male) |
| 0:21 | Create | Villager (Male) |
| 1:36 | Build | Palisade Wall |
| 2:54 | Create | Villager (Male) |
| 2:54 | Create | Villager (Male) |
| 3:54 | Create | Villager (Male) |
| 3:54 | Create | Villager (Male) |
| 5:28 | Create | Villager (Male) |
| 5:28 | Create | Villager (Male) |
| 5:28 | Create | Villager (Male) |
| 5:50 | Build | Palisade Wall |
| 6:03 | Build | Palisade Wall |
| 6:05 | Build | Palisade Wall |
| 6:14 | Build | Palisade Wall |
| 6:18 | Build | Palisade Wall |
| 6:22 | Create | Villager (Male) |
| 6:22 | Create | Villager (Male) |
| 6:23 | Create | Villager (Male) |
| 6:30 | Create | Villager (Male) |
| 6:30 | Create | Villager (Male) |
| 7:50 | Create | Villager (Male) |
| 7:50 | Create | Villager (Male) |
| 7:58 | Build | House |
| 8:00 | Build | House |
| 8:01 | Build | House |
| 8:19 | Build | Mill |
| 8:41 | Create | Villager (Male) |
| 8:41 | Create | Villager (Male) |
| 9:13 | Create | Villager (Male) |
| 9:13 | Create | Villager (Male) |
| 9:33 | Build | Lumber Camp |
| 9:55 | Create | Villager (Male) |
| 9:55 | Create | Villager (Male) |
| 10:13 | Create | Villager (Male) |
| 10:13 | Create | Villager (Male) |
| 10:43 | Build | Lumber Camp |
| 10:51 | Create | Villager (Male) |
| 10:51 | Create | Villager (Male) |
| 10:52 | Create | Villager (Male) |
| 11:13 | Create | Villager (Male) |
| 11:13 | Create | Villager (Male) |
| 11:40 | Create | Villager (Male) |
| 11:40 | Create | Villager (Male) |
| 11:41 | Create | Villager (Male) |
| 11:41 | Create | Villager (Male) |
| 12:15 | Create | Villager (Male) |
| 12:15 | Create | Villager (Male) |
| 12:33 | Build | Barracks |
| 12:40 | Create | Villager (Male) |
| 12:40 | Create | Villager (Male) |
| 13:01 | Create | Villager (Male) |
| 13:01 | Create | Villager (Male) |
| 13:01 | Create | Villager (Male) |
| 13:10 | Build | Mining Camp |
| 13:48 | Build | Mill |
| 14:10 | Create | Villager (Male) |
| 14:10 | Create | Villager (Male) |
| 14:10 | Create | Villager (Male) |
| 14:22 | Build | House |
| 14:26 | Build | House |
| 14:27 | Build | House |
| 14:29 | Build | House |
| 14:35 | Create | Villager (Male) |
| 15:10 | Create | Villager (Male) |
| 15:10 | Create | Villager (Male) |
| 15:45 | Research | Feudal Age |
| 15:45 | Research | Feudal Age |
| 15:47 | Create | Villager (Male) |
| 16:22 | Build | Mining Camp |
| 16:32 | Create | Villager (Male) |
| 16:32 | Create | Villager (Male) |
| 16:35 | Create | Villager (Male) |
| 16:35 | Create | Villager (Male) |
| 17:37 | Build | Mining Camp |
| 17:46 | Build | Farm |
| 17:47 | Build | Farm |
| 17:49 | Build | Farm |
| 17:50 | Build | Farm |
| 17:52 | Build | Farm |
| 17:53 | Build | Farm |
| 17:54 | Build | Farm |
| 17:55 | Age | Feudal Age |
| 18:08 | Research | Horse Collar |
| 18:48 | Research | Arson |
| 18:50 | Research | Man-at-Arms (upgrade) |
| 18:51 | Create | Militia |
| 18:51 | Create | Militia |
| 18:51 | Create | Militia |
| 19:30 | Build | Mining Camp |
| 19:44 | Build | Farm |
| 20:06 | Research | Double-Bit Axe |
| 20:06 | Research | Double-Bit Axe |
| 20:10 | Create | Villager (Male) |
| 20:10 | Create | Villager (Male) |
| 21:11 | Create | Militia |
| 21:11 | Create | Militia |
| 21:15 | Create | Villager (Male) |
| 21:15 | Create | Villager (Male) |
| 21:20 | Create | Villager (Male) |
| 21:20 | Create | Villager (Male) |
| 21:39 | Create | Villager (Male) |
| 21:40 | Create | Villager (Male) |
| 22:41 | Create | Villager (Male) |
| 22:41 | Create | Villager (Male) |
| 22:42 | Create | Villager (Male) |
| 22:42 | Create | Villager (Male) |
| 22:42 | Create | Villager (Male) |
| 23:02 | Build | Mill |
| 23:07 | Build | Farm |
| 23:08 | Build | Farm |
| 23:10 | Build | Farm |
| 23:11 | Build | Farm |
| 23:17 | Create | Villager (Male) |
| 23:18 | Create | Villager (Male) |
| 23:44 | Build | Lumber Camp |
| 23:51 | Create | Villager (Male) |
| 23:57 | Build | Farm |
| 23:59 | Build | Farm |
| 24:52 | Build | House |
| 24:54 | Build | House |
| 24:59 | Build | House |
| 25:01 | Build | House |
| 25:12 | Build | House |
| 25:20 | Build | Lumber Camp |
| 25:30 | Build | Lumber Camp |
| 25:35 | Create | Villager (Male) |
| 25:35 | Create | Villager (Male) |
| 25:35 | Create | Villager (Male) |
| 25:36 | Create | Villager (Male) |
| 25:37 | Research | Wheelbarrow |
| 25:37 | Create | Villager (Male) |
| 25:38 | Create | Villager (Male) |
| 25:38 | Create | Villager (Male) |
| 25:38 | Create | Villager (Male) |
| 26:06 | Build | Market |
| 26:53 | Build | Stable |
| 27:02 | Build | Blacksmith |
| 27:24 | Create | Villager (Male) |
| 27:24 | Create | Villager (Male) |
| 27:25 | Create | Villager (Male) |
| 27:48 | Research | Castle Age |
Build order — Le Tapete
First 150 of 216 actions detected
| 0:07 | Create | Villager (Male) ×4 |
| 0:07 | Create | Villager (Male) ×4 |
| 0:07 | Create | Villager (Male) ×4 |
| 0:15 | Build | House |
| 1:43 | Research | Loom |
| 1:59 | Build | Palisade Wall |
| 3:10 | Create | Villager (Male) |
| 3:10 | Create | Villager (Male) |
| 3:11 | Create | Villager (Male) |
| 3:52 | Build | Palisade Wall |
| 4:20 | Build | Palisade Wall |
| 4:50 | Create | Villager (Male) |
| 4:50 | Create | Villager (Male) |
| 4:50 | Create | Villager (Male) |
| 5:31 | Build | Lumber Camp |
| 5:42 | Create | Villager (Male) |
| 5:42 | Create | Villager (Male) |
| 5:42 | Create | Villager (Male) |
| 5:50 | Build | House |
| 6:29 | Build | House |
| 6:42 | Create | Villager (Male) |
| 6:42 | Create | Villager (Male) |
| 9:25 | Build | Mill |
| 9:55 | Create | Villager (Male) |
| 9:55 | Create | Villager (Male) |
| 11:38 | Create | Villager (Male) |
| 11:38 | Create | Villager (Male) |
| 11:38 | Create | Villager (Male) |
| 12:34 | Create | Villager (Male) ×5 |
| 12:34 | Create | Villager (Male) ×5 |
| 12:34 | Create | Villager (Male) |
| 13:34 | Build | Mill |
| 13:42 | Create | Villager (Male) |
| 13:49 | Build | House |
| 14:21 | Build | Mining Camp |
| 14:34 | Build | Lumber Camp |
| 14:42 | Create | Villager (Male) |
| 15:18 | Build | House |
| 15:22 | Build | House |
| 15:37 | Create | Villager (Male) |
| 16:34 | Build | House |
| 16:42 | Build | Farm |
| 16:44 | Create | Villager (Male) |
| 17:40 | Create | Villager (Male) |
| 18:02 | Create | Villager (Male) |
| 18:11 | Create | Villager (Male) |
| 18:20 | Build | Farm |
| 18:31 | Build | House |
| 18:35 | Build | House |
| 18:45 | Build | Farm |
| 18:50 | Create | Villager (Male) |
| 19:33 | Build | Farm |
| 19:37 | Build | Farm |
| 19:42 | Research | Feudal Age |
| 19:56 | Build | Mining Camp |
| 20:42 | Build | Mill |
| 21:28 | Create | Villager (Male) |
| 21:29 | Create | Villager (Male) |
| 21:30 | Create | Villager (Male) |
| 21:52 | Age | Feudal Age |
| 22:12 | Build | Market |
| 22:32 | Build | Lumber Camp |
| 22:41 | Build | Blacksmith |
| 23:25 | Research | Castle Age |
| 23:25 | Research | Castle Age |
| 23:39 | Build | Farm |
| 23:40 | Build | Farm |
| 23:41 | Build | Farm |
| 24:18 | Build | Mining Camp |
| 24:34 | Research | Horse Collar |
| 24:38 | Research | Double-Bit Axe |
| 24:48 | Create | Villager (Male) |
| 25:56 | Build | Lumber Camp |
| 26:05 | Age | Castle Age |
| 26:18 | Build | Lumber Camp |
| 27:06 | Research | Bow Saw |
| 27:21 | Create | Villager (Male) |
| 27:21 | Create | Villager (Male) |
| 28:31 | Build | Farm |
| 28:35 | Create | Villager (Male) |
| 28:36 | Create | Villager (Male) |
| 29:28 | Build | Farm |
| 29:38 | Build | Farm |
| 30:11 | Build | Market |
| 30:18 | Create | Villager (Male) |
| 30:50 | Build | Farm |
| 30:54 | Create | Villager (Male) |
| 30:54 | Create | Villager (Male) |
| 31:19 | Create | Villager (Male) |
| 31:27 | Build | Farm |
| 31:36 | Create | Villager (Male) |
| 31:36 | Create | Villager (Male) |
| 31:54 | Build | Town Center |
| 32:05 | Build | Town Center |
| 32:11 | Build | Farm |
| 32:17 | Create | Villager (Male) |
| 32:23 | Build | Farm |
| 32:43 | Build | Castle |
| 34:06 | Create | Villager (Male) ×5 |
| 34:23 | Create | Longbowman ×5 |
| 35:00 | Build | Town Center |
| 35:09 | Create | Villager (Male) |
| 35:09 | Create | Villager (Male) |
| 35:19 | Create | Villager (Male) ×5 |
| 35:30 | Create | Villager (Male) ×5 |
| 35:48 | Create | Villager (Male) ×5 |
| 35:58 | Research | Caravan |
| 35:59 | Research | Coinage |
| 36:25 | Build | Market |
| 36:29 | Create | Trade Cart ×5 |
| 36:34 | Build | Farm |
| 36:43 | Build | Farm |
| 36:47 | Create | Villager (Male) |
| 36:54 | Build | House |
| 36:56 | Build | House |
| 36:57 | Build | House |
| 36:58 | Build | House |
| 37:14 | Create | Villager (Male) ×5 |
| 37:25 | Create | Villager (Male) ×5 |
| 37:35 | Build | Monastery |
| 38:05 | Research | Stone Mining |
| 38:16 | Build | Farm |
| 38:19 | Create | Villager (Male) |
| 38:20 | Create | Villager (Male) |
| 38:30 | Create | Monk |
| 38:30 | Create | Monk |
| 38:37 | Build | Siege Workshop |
| 38:47 | Create | Villager (Male) |
| 39:03 | Build | House |
| 39:06 | Build | House |
| 39:10 | Build | House |
| 39:43 | Build | Siege Workshop |
| 39:58 | Build | Farm |
| 39:59 | Build | Farm |
| 40:04 | Create | Villager (Male) ×5 |
| 40:17 | Build | Farm |
| 40:19 | Build | Farm |
| 40:20 | Build | Farm |
| 40:21 | Build | Farm |
| 40:22 | Build | Farm |
| 40:23 | Build | Farm |
| 40:24 | Build | Farm |
| 40:27 | Build | Farm |
| 40:27 | Build | Farm |
| 40:30 | Build | Farm |
| 40:32 | Build | Farm |
| 40:33 | Build | Farm |
| 40:34 | Build | Farm |
| 40:39 | Create | Villager (Male) ×5 |
| 40:52 | Create | Battering Ram |
Build order — DAMN
First 150 of 243 actions detected
| 0:04 | Create | Villager (Male) ×4 |
| 0:07 | Build | House |
| 0:10 | Build | House |
| 1:08 | Build | Palisade Wall |
| 1:25 | Research | Loom |
| 2:30 | Build | Building 804 |
| 3:54 | Build | Palisade Wall |
| 3:59 | Build | Building 800 |
| 5:07 | Create | Villager (Male) |
| 5:07 | Create | Villager (Male) |
| 6:20 | Create | Villager (Male) |
| 6:20 | Create | Villager (Male) |
| 7:13 | Create | Villager (Male) |
| 7:13 | Create | Villager (Male) |
| 7:44 | Create | Villager (Male) |
| 7:44 | Create | Villager (Male) |
| 8:13 | Create | Villager (Male) |
| 8:45 | Create | Villager (Male) |
| 9:07 | Create | Villager (Male) |
| 9:25 | Create | Villager (Male) |
| 9:48 | Create | Villager (Male) |
| 10:15 | Create | Villager (Male) |
| 10:30 | Build | House |
| 10:37 | Build | Lumber Camp |
| 10:41 | Create | Villager (Male) |
| 11:06 | Create | Villager (Male) |
| 11:43 | Create | Villager (Male) |
| 12:01 | Create | Villager (Male) |
| 12:08 | Build | Mill |
| 12:26 | Create | Villager (Male) |
| 13:01 | Create | Villager (Male) |
| 13:16 | Create | Villager (Male) |
| 13:32 | Build | House |
| 13:43 | Create | Villager (Male) |
| 14:14 | Build | House |
| 14:25 | Create | Villager (Male) |
| 14:52 | Create | Villager (Male) |
| 15:15 | Create | Villager (Male) |
| 15:43 | Build | Farm |
| 15:44 | Build | Farm |
| 15:45 | Build | Farm |
| 15:46 | Build | Farm |
| 15:47 | Build | Farm |
| 15:48 | Build | Farm |
| 15:50 | Build | Farm |
| 15:52 | Build | Farm |
| 15:56 | Create | Villager (Male) |
| 16:12 | Build | Farm |
| 16:16 | Create | Villager (Male) |
| 16:39 | Research | Feudal Age |
| 17:20 | Build | House |
| 18:40 | Create | Villager (Male) |
| 18:40 | Create | Villager (Male) |
| 18:56 | Age | Feudal Age |
| 18:58 | Research | Double-Bit Axe |
| 19:02 | Research | Horse Collar |
| 19:16 | Build | Blacksmith |
| 19:25 | Build | Mining Camp |
| 19:45 | Build | Market |
| 19:57 | Create | Villager (Male) |
| 19:57 | Create | Villager (Male) |
| 20:47 | Create | Villager (Male) |
| 20:47 | Create | Villager (Male) |
| 20:58 | Build | House |
| 21:28 | Create | Villager (Male) |
| 22:01 | Create | Villager (Male) |
| 22:19 | Create | Villager (Male) |
| 22:20 | Create | Villager (Male) |
| 22:55 | Build | Barracks |
| 23:22 | Build | Mining Camp |
| 23:27 | Create | Villager (Male) |
| 23:27 | Create | Villager (Male) |
| 23:49 | Build | House |
| 23:57 | Build | Archery Range |
| 24:12 | Research | Castle Age |
| 24:20 | Build | Farm |
| 24:23 | Build | Farm |
| 24:24 | Build | Farm |
| 24:25 | Build | Farm |
| 24:50 | Research | Gold Mining |
| 25:32 | Build | Stable |
| 25:44 | Research | Fletching |
| 26:19 | Research | Scale Barding Armor |
| 26:30 | Research | Stone Mining |
| 26:52 | Create | Villager (Male) |
| 26:52 | Create | Villager (Male) |
| 26:57 | Age | Castle Age |
| 27:15 | Build | Town Center |
| 27:28 | Create | Villager (Male) |
| 27:28 | Create | Villager (Male) |
| 27:35 | Build | Town Center |
| 27:58 | Research | Bow Saw |
| 28:04 | Create | Villager (Male) |
| 28:23 | Build | House |
| 28:40 | Create | Villager (Male) |
| 28:40 | Create | Villager (Male) |
| 29:06 | Research | Heavy Plow |
| 29:33 | Create | Villager (Male) |
| 29:34 | Create | Villager (Male) |
| 29:58 | Build | Town Center |
| 30:04 | Create | Villager (Male) |
| 30:04 | Create | Villager (Male) |
| 30:15 | Build | House |
| 30:18 | Build | House |
| 30:47 | Create | Villager (Male) |
| 30:47 | Create | Villager (Male) |
| 31:22 | Build | Lumber Camp |
| 31:33 | Create | Villager (Male) ×5 |
| 32:01 | Create | Villager (Male) ×3 |
| 32:38 | Build | Farm |
| 32:40 | Build | Farm |
| 32:42 | Build | Farm |
| 32:43 | Build | Farm |
| 32:46 | Build | Farm |
| 32:49 | Build | Farm |
| 32:54 | Build | Farm |
| 32:56 | Build | Farm |
| 32:59 | Create | Villager (Male) ×5 |
| 33:10 | Build | Farm |
| 33:12 | Build | Farm |
| 33:13 | Build | Farm |
| 33:22 | Build | Farm |
| 33:23 | Build | Farm |
| 33:25 | Build | Farm |
| 33:26 | Build | Farm |
| 33:27 | Build | Farm |
| 33:33 | Research | Wheelbarrow |
| 33:34 | Research | Town Watch |
| 33:43 | Create | Villager (Male) |
| 33:49 | Create | Cavalry Archer ×5 |
| 33:52 | Create | Scout Cavalry |
| 34:03 | Create | Villager (Male) ×2 |
| 34:14 | Build | House |
| 34:16 | Build | House |
| 34:17 | Build | House |
| 34:22 | Create | Villager (Male) ×4 |
| 34:33 | Research | Padded Archer Armor |
| 34:55 | Build | Monastery |
| 34:58 | Research | Bodkin Arrow |
| 35:12 | Create | Scout Cavalry ×2 |
| 35:19 | Create | Villager (Male) ×4 |
| 35:32 | Create | Villager (Male) ×2 |
| 36:00 | Build | University |
| 36:04 | Build | House |
| 36:06 | Build | House |
| 36:07 | Build | House |
| 36:12 | Create | Monk |
| 36:18 | Create | Villager (Male) ×5 |
| 36:18 | Create | Villager (Male) ×5 |
| 36:40 | Build | Castle |
Build order — DrruuXD
First 150 of 369 actions detected
| 0:09 | Build | House |
| 0:10 | Build | House |
| 0:11 | Build | House |
| 0:12 | Build | House |
| 0:14 | Research | Loom |
| 0:15 | Create | Villager (Male) |
| 0:15 | Create | Villager (Male) |
| 0:15 | Create | Villager (Male) |
| 0:16 | Create | Villager (Male) |
| 0:16 | Create | Villager (Male) |
| 2:17 | Create | Villager (Male) |
| 2:17 | Create | Villager (Male) |
| 3:32 | Create | Villager (Male) |
| 3:33 | Create | Villager (Male) |
| 3:57 | Create | Villager (Male) |
| 3:57 | Create | Villager (Male) |
| 4:02 | Create | Villager (Male) |
| 4:02 | Create | Villager (Male) |
| 4:42 | Create | Villager (Male) |
| 4:42 | Create | Villager (Male) |
| 5:32 | Create | Villager (Male) |
| 5:32 | Create | Villager (Male) |
| 5:32 | Create | Villager (Male) |
| 5:44 | Build | Mill |
| 6:17 | Create | Villager (Male) |
| 6:32 | Create | Villager (Male) |
| 6:32 | Create | Villager (Male) |
| 6:59 | Create | Villager (Male) |
| 6:59 | Create | Villager (Male) |
| 7:08 | Create | Villager (Male) |
| 7:52 | Build | Barracks |
| 7:52 | Create | Villager (Male) |
| 7:59 | Create | Villager (Male) |
| 7:59 | Create | Villager (Male) |
| 8:39 | Build | Mill |
| 8:41 | Create | Villager (Male) |
| 8:42 | Create | Villager (Male) |
| 9:05 | Create | Villager (Male) |
| 9:22 | Build | Lumber Camp |
| 9:38 | Create | Villager (Male) |
| 10:02 | Create | Villager (Male) |
| 10:02 | Create | Villager (Male) |
| 10:02 | Create | Villager (Male) |
| 10:45 | Build | House |
| 10:46 | Build | House |
| 10:54 | Create | Militia |
| 10:55 | Create | Militia |
| 11:25 | Build | Mining Camp |
| 11:51 | Build | Mining Camp |
| 12:14 | Create | Villager (Male) |
| 12:15 | Create | Villager (Male) |
| 12:15 | Create | Villager (Male) |
| 12:27 | Research | Feudal Age |
| 12:39 | Build | Mining Camp |
| 12:51 | Create | Villager (Male) |
| 12:52 | Create | Villager (Male) |
| 12:52 | Create | Villager (Male) |
| 12:52 | Create | Villager (Male) |
| 12:53 | Create | Villager (Male) |
| 12:53 | Create | Villager (Male) |
| 12:53 | Create | Villager (Male) |
| 12:53 | Create | Villager (Male) |
| 14:37 | Age | Feudal Age |
| 14:46 | Build | Market |
| 14:48 | Create | Villager (Male) |
| 14:49 | Create | Villager (Male) |
| 15:03 | Build | Stone Wall |
| 15:16 | Build | Stone Wall |
| 15:19 | Build | Stone Wall |
| 15:21 | Build | Stone Wall |
| 15:37 | Build | Farm |
| 15:39 | Build | Farm |
| 15:41 | Research | Horse Collar |
| 15:45 | Research | Double-Bit Axe |
| 15:48 | Create | Villager (Male) |
| 15:57 | Build | Farm |
| 16:21 | Build | Farm |
| 16:31 | Build | Mill |
| 16:48 | Build | Farm |
| 17:15 | Build | Farm |
| 17:24 | Create | Villager (Male) |
| 17:39 | Build | House |
| 17:40 | Build | House |
| 17:40 | Build | House |
| 17:42 | Build | House |
| 17:42 | Build | House |
| 17:43 | Build | House |
| 18:07 | Create | Villager (Male) |
| 18:21 | Create | Villager (Male) |
| 18:56 | Build | Farm |
| 18:58 | Create | Villager (Male) |
| 19:17 | Build | Blacksmith |
| 19:22 | Build | Farm |
| 19:23 | Create | Villager (Male) |
| 19:38 | Build | Farm |
| 20:04 | Build | Farm |
| 20:11 | Create | Villager (Male) |
| 20:34 | Build | Farm |
| 20:42 | Build | Lumber Camp |
| 20:53 | Build | Farm |
| 21:14 | Research | Castle Age |
| 21:14 | Research | Castle Age |
| 21:20 | Build | Farm |
| 21:21 | Build | Farm |
| 21:23 | Create | Villager (Male) |
| 21:24 | Create | Villager (Male) |
| 21:24 | Create | Villager (Male) |
| 21:24 | Create | Villager (Male) |
| 21:24 | Create | Villager (Male) |
| 21:25 | Create | Villager (Male) |
| 21:25 | Create | Villager (Male) |
| 21:25 | Create | Villager (Male) |
| 21:46 | Build | Stone Wall |
| 21:59 | Build | Building 673 |
| 22:34 | Create | Villager (Male) |
| 22:34 | Create | Villager (Male) |
| 22:34 | Create | Villager (Male) |
| 22:34 | Create | Villager (Male) |
| 22:35 | Create | Villager (Male) |
| 22:35 | Create | Villager (Male) |
| 22:35 | Create | Villager (Male) |
| 22:55 | Create | Trade Cart |
| 22:55 | Create | Trade Cart |
| 22:56 | Create | Trade Cart |
| 22:56 | Create | Trade Cart |
| 22:56 | Create | Trade Cart |
| 22:56 | Create | Trade Cart |
| 22:57 | Create | Trade Cart |
| 23:24 | Create | Villager (Male) |
| 23:54 | Age | Castle Age |
| 23:59 | Build | Castle |
| 24:11 | Build | Town Center |
| 24:21 | Build | Town Center |
| 24:37 | Build | Farm |
| 24:54 | Build | Farm |
| 25:14 | Build | Farm |
| 25:39 | Research | Scale Mail Armor |
| 25:40 | Research | Forging |
| 26:08 | Research | Man-at-Arms (upgrade) |
| 26:10 | Create | Militia |
| 26:10 | Create | Militia |
| 26:10 | Create | Militia |
| 26:10 | Create | Militia |
| 26:11 | Create | Militia |
| 26:11 | Create | Militia |
| 26:11 | Create | Militia |
| 26:11 | Create | Militia |
| 26:15 | Create | Villager (Male) |
| 26:16 | Create | Villager (Male) |
| 27:02 | Build | Barracks |
Build order — He
First 150 of 341 actions detected
| 0:02 | Create | Villager (Male) |
| 0:02 | Research | Loom |
| 0:03 | Create | Villager (Male) |
| 0:03 | Create | Villager (Male) |
| 0:03 | Create | Villager (Male) |
| 0:10 | Build | House |
| 0:20 | Build | House |
| 0:21 | Build | House |
| 1:43 | Create | Villager (Male) |
| 2:29 | Create | Villager (Male) |
| 3:09 | Create | Villager (Male) |
| 3:11 | Create | Villager (Male) |
| 3:36 | Build | Outpost |
| 3:44 | Create | Villager (Male) |
| 3:45 | Create | Villager (Male) |
| 4:41 | Build | Outpost |
| 4:45 | Create | Villager (Male) |
| 4:46 | Create | Villager (Male) |
| 4:50 | Create | Villager (Male) |
| 5:39 | Build | Settlement |
| 5:49 | Create | Villager (Male) |
| 6:23 | Build | Settlement |
| 6:27 | Create | Villager (Male) |
| 6:28 | Create | Villager (Male) |
| 7:38 | Create | Villager (Male) |
| 7:39 | Create | Villager (Male) |
| 8:11 | Build | Settlement |
| 8:25 | Build | Settlement |
| 8:29 | Create | Villager (Male) |
| 8:50 | Create | Villager (Male) |
| 9:16 | Create | Villager (Male) |
| 9:44 | Create | Villager (Male) |
| 10:23 | Research | Feudal Age |
| 10:29 | Build | Farm |
| 10:30 | Build | Farm |
| 10:30 | Build | Farm |
| 10:30 | Build | Farm |
| 11:32 | Build | Barracks |
| 12:33 | Age | Feudal Age |
| 12:39 | Research | Wheelbarrow |
| 12:40 | Research | Town Watch |
| 12:44 | Research | Double-Bit Axe |
| 13:19 | Research | Horse Collar |
| 13:28 | Research | Stone Mining |
| 13:58 | Build | Market |
| 14:12 | Build | Stone Wall |
| 14:18 | Build | Stone Wall |
| 14:50 | Create | Villager (Male) |
| 14:50 | Create | Villager (Male) |
| 14:50 | Create | Villager (Male) |
| 14:52 | Create | Villager (Male) |
| 14:59 | Build | Farm |
| 15:00 | Build | Farm |
| 15:00 | Build | Farm |
| 15:07 | Research | Gold Mining |
| 16:10 | Build | Blacksmith |
| 16:36 | Create | Villager (Male) |
| 16:36 | Create | Villager (Male) |
| 16:37 | Create | Villager (Male) |
| 16:53 | Build | Settlement |
| 17:34 | Build | House |
| 17:38 | Build | House |
| 17:42 | Build | House |
| 17:43 | Build | House |
| 17:54 | Build | Farm |
| 18:08 | Create | Villager (Male) |
| 18:08 | Create | Villager (Male) |
| 18:08 | Create | Villager (Male) |
| 18:11 | Create | Villager (Male) |
| 18:30 | Create | Villager (Male) |
| 18:40 | Build | Farm |
| 18:41 | Build | Farm |
| 18:43 | Build | Farm |
| 18:44 | Build | Farm |
| 18:46 | Build | Farm |
| 18:47 | Build | Farm |
| 18:48 | Build | Farm |
| 18:48 | Build | Farm |
| 18:52 | Create | Villager (Male) |
| 18:53 | Create | Villager (Male) |
| 19:20 | Build | House |
| 19:21 | Build | House |
| 19:23 | Build | House |
| 19:25 | Build | House |
| 19:26 | Build | House |
| 21:50 | Research | Castle Age |
| 22:13 | Build | House |
| 22:18 | Build | Farm |
| 22:21 | Build | Farm |
| 23:20 | Build | Farm |
| 23:34 | Build | Barracks |
| 23:36 | Build | Barracks |
| 23:39 | Build | Barracks |
| 23:50 | Build | House |
| 23:52 | Build | House |
| 23:57 | Build | House |
| 23:59 | Build | House |
| 24:02 | Build | House |
| 24:04 | Build | House |
| 24:05 | Build | House |
| 24:26 | Research | Forging |
| 24:26 | Research | Scale Mail Armor |
| 24:30 | Age | Castle Age |
| 24:43 | Research | Hand Cart |
| 25:02 | Build | Town Center |
| 25:29 | Build | Town Center |
| 25:33 | Create | Villager (Male) |
| 25:34 | Create | Villager (Male) |
| 25:52 | Build | Castle |
| 25:59 | Research | Squires |
| 26:00 | Create | Unit 2586 |
| 26:01 | Create | Unit 2586 |
| 26:01 | Create | Unit 2586 |
| 26:01 | Create | Unit 2586 |
| 26:14 | Create | Villager (Male) |
| 26:14 | Create | Villager (Male) |
| 26:47 | Research | Bow Saw |
| 26:58 | Create | Villager (Male) |
| 27:13 | Create | Villager (Male) |
| 27:13 | Create | Villager (Male) |
| 27:14 | Create | Villager (Male) |
| 27:16 | Create | Villager (Male) |
| 27:18 | Create | Villager (Male) |
| 27:28 | Build | House |
| 27:28 | Build | House |
| 27:28 | Build | House |
| 27:29 | Build | House |
| 27:29 | Build | House |
| 27:30 | Build | House |
| 27:30 | Build | House |
| 27:31 | Build | House |
| 27:36 | Create | Villager (Male) |
| 27:52 | Build | Farm |
| 27:52 | Build | Farm |
| 28:15 | Create | Villager (Male) |
| 28:15 | Create | Villager (Male) |
| 28:15 | Create | Villager (Male) |
| 28:16 | Create | Villager (Male) |
| 28:16 | Create | Villager (Male) |
| 28:29 | Build | Siege Workshop |
| 28:38 | Create | Villager (Male) |
| 28:39 | Create | Villager (Male) |
| 28:39 | Create | Villager (Male) |
| 28:41 | Create | Villager (Male) |
| 28:45 | Create | Villager (Male) |
| 28:53 | Build | Farm |
| 28:53 | Build | Farm |
| 28:57 | Build | Farm |
| 29:20 | Research | Heavy Plow |
| 29:27 | Create | Battering Ram |
Build order — TheRamy'skins.army'
First 150 of 268 actions detected
| 0:08 | Research | Loom |
| 0:23 | Build | Palisade Wall |
| 0:25 | Build | Palisade Wall |
| 0:36 | Build | House |
| 0:37 | Build | House |
| 0:38 | Build | House |
| 0:41 | Create | Villager (Male) ×5 |
| 2:38 | Create | Villager (Male) |
| 3:25 | Create | Villager (Male) |
| 4:19 | Create | Villager (Male) |
| 4:32 | Create | Villager (Male) |
| 5:28 | Create | Villager (Male) |
| 6:32 | Create | Villager (Male) |
| 6:32 | Create | Villager (Male) |
| 6:58 | Create | Villager (Male) |
| 7:44 | Create | Villager (Male) |
| 7:45 | Create | Villager (Male) |
| 7:45 | Create | Villager (Male) |
| 8:20 | Build | Palisade Wall |
| 8:22 | Build | Building 796 |
| 8:26 | Build | Mill |
| 8:27 | Create | Villager (Male) |
| 8:36 | Build | House |
| 9:23 | Build | House |
| 9:24 | Build | House |
| 9:25 | Build | House |
| 9:41 | Create | Villager (Male) |
| 9:41 | Create | Villager (Male) |
| 10:24 | Create | Villager (Male) |
| 10:24 | Create | Villager (Male) |
| 10:24 | Create | Villager (Male) |
| 10:34 | Build | House |
| 11:23 | Build | Lumber Camp |
| 11:31 | Build | House |
| 11:31 | Build | House |
| 12:00 | Build | Mill |
| 12:40 | Create | Villager (Male) |
| 12:41 | Create | Villager (Male) |
| 12:41 | Create | Villager (Male) |
| 12:41 | Create | Villager (Male) |
| 12:41 | Create | Villager (Male) |
| 13:15 | Build | Mining Camp |
| 14:55 | Research | Feudal Age |
| 15:38 | Build | Mining Camp |
| 16:25 | Build | Mill |
| 16:58 | Age | Feudal Age |
| 17:00 | Create | Villager (Male) |
| 17:01 | Create | Villager (Male) |
| 17:01 | Create | Villager (Male) |
| 17:01 | Create | Villager (Male) |
| 17:35 | Build | Market |
| 18:31 | Create | Villager (Male) |
| 18:32 | Create | Villager (Male) |
| 18:32 | Create | Villager (Male) |
| 18:45 | Build | Blacksmith |
| 19:39 | Create | Villager (Male) |
| 19:39 | Create | Villager (Male) |
| 20:54 | Research | Castle Age |
| 21:06 | Build | Farm |
| 21:07 | Build | Farm |
| 21:11 | Build | Farm |
| 21:12 | Build | Farm |
| 21:32 | Build | Farm |
| 21:33 | Build | Farm |
| 21:34 | Build | Farm |
| 21:42 | Build | Farm |
| 21:43 | Build | Farm |
| 22:50 | Build | Barracks |
| 23:19 | Research | Horse Collar |
| 23:20 | Age | Castle Age |
| 23:27 | Build | Farm |
| 23:30 | Build | Farm |
| 23:41 | Build | Town Center |
| 23:44 | Create | Villager (Male) |
| 23:44 | Create | Villager (Male) |
| 23:44 | Create | Villager (Male) |
| 23:45 | Create | Villager (Male) |
| 23:53 | Build | Castle |
| 24:05 | Build | House |
| 24:06 | Build | House |
| 24:07 | Build | House |
| 24:07 | Build | House |
| 24:08 | Build | House |
| 24:09 | Build | House |
| 24:12 | Create | Villager (Male) |
| 24:12 | Create | Villager (Male) |
| 24:18 | Create | Villager (Male) |
| 24:18 | Create | Villager (Male) |
| 24:52 | Create | Villager (Male) ×5 |
| 25:16 | Research | Double-Bit Axe |
| 25:20 | Create | Villager (Male) |
| 25:48 | Build | Mining Camp |
| 25:52 | Create | Villager (Male) ×2 |
| 26:00 | Create | Villager (Male) ×5 |
| 26:01 | Create | Villager (Male) ×2 |
| 26:35 | Build | Farm |
| 26:35 | Build | Farm |
| 26:37 | Build | Farm |
| 26:38 | Build | Farm |
| 26:45 | Build | House |
| 26:52 | Create | Villager (Male) ×3 |
| 27:22 | Build | Farm |
| 27:26 | Build | House |
| 27:27 | Build | House |
| 27:27 | Build | House |
| 27:28 | Build | House |
| 27:29 | Build | House |
| 27:47 | Research | Bow Saw |
| 28:05 | Build | Archery Range |
| 28:22 | Build | Mining Camp |
| 28:25 | Research | Gold Mining |
| 28:44 | Build | Archery Range |
| 28:52 | Research | Kamandaran |
| 29:02 | Build | Stone Wall |
| 29:03 | Build | Building 490 |
| 29:24 | Build | Town Center |
| 29:28 | Create | Villager (Male) ×4 |
| 30:15 | Build | Castle |
| 30:20 | Research | Gold Shaft Mining |
| 30:34 | Research | Caravan |
| 30:41 | Build | Market |
| 30:47 | Create | Villager (Male) ×3 |
| 30:56 | Build | Farm |
| 30:56 | Build | Farm |
| 31:04 | Build | Archery Range |
| 31:06 | Build | Archery Range |
| 31:27 | Research | Crossbowman (upgrade) |
| 31:34 | Create | Villager (Male) |
| 31:40 | Build | Farm |
| 31:41 | Build | Farm |
| 32:10 | Research | Thumb Ring |
| 32:22 | Build | Farm |
| 32:23 | Build | Farm |
| 32:24 | Build | Farm |
| 32:25 | Build | Farm |
| 32:30 | Build | Farm |
| 32:31 | Build | Farm |
| 32:32 | Build | Farm |
| 32:33 | Build | Farm |
| 32:44 | Build | Mining Camp |
| 32:50 | Build | Mining Camp |
| 32:54 | Research | Padded Archer Armor |
| 32:54 | Research | Fletching |
| 32:59 | Build | Farm |
| 32:59 | Build | Farm |
| 33:00 | Build | Farm |
| 33:06 | Create | Villager (Male) ×2 |
| 33:10 | Build | Farm |
| 33:19 | Create | Archer ×2 |
| 34:00 | Create | Archer ×5 |
Build order — andy uchiha
First 150 of 325 actions detected
| 0:09 | Create | Villager (Male) |
| 0:09 | Create | Villager (Male) |
| 0:09 | Create | Villager (Male) |
| 0:10 | Create | Villager (Male) |
| 0:12 | Build | House |
| 0:16 | Build | House |
| 0:27 | Research | Loom |
| 0:28 | Create | Villager (Male) |
| 0:28 | Create | Villager (Male) |
| 1:03 | Create | Villager (Male) |
| 1:04 | Create | Villager (Male) |
| 2:52 | Build | Palisade Wall |
| 2:57 | Build | Building 796 |
| 4:02 | Build | Lumber Camp |
| 4:07 | Create | Villager (Male) |
| 4:08 | Create | Villager (Male) |
| 4:08 | Create | Villager (Male) |
| 4:08 | Create | Villager (Male) |
| 5:13 | Create | Villager (Male) |
| 5:13 | Create | Villager (Male) |
| 5:58 | Create | Villager (Male) |
| 5:58 | Create | Villager (Male) |
| 7:18 | Build | House |
| 7:56 | Create | Villager (Male) |
| 7:56 | Create | Villager (Male) |
| 7:56 | Create | Villager (Male) |
| 9:18 | Build | Mill |
| 9:40 | Create | Villager (Male) |
| 9:40 | Create | Villager (Male) |
| 9:41 | Create | Villager (Male) |
| 10:16 | Build | Mill |
| 10:21 | Create | Villager (Male) |
| 10:40 | Create | Villager (Male) |
| 11:36 | Research | Feudal Age |
| 11:49 | Build | House |
| 11:52 | Build | House |
| 12:27 | Build | Lumber Camp |
| 13:19 | Build | Mining Camp |
| 13:48 | Age | Feudal Age |
| 13:52 | Research | Wheelbarrow |
| 13:53 | Create | Villager (Male) |
| 13:54 | Create | Villager (Male) |
| 14:07 | Build | Blacksmith |
| 14:28 | Build | Market |
| 15:48 | Build | Mill |
| 16:29 | Create | Villager (Male) |
| 16:30 | Create | Villager (Male) |
| 16:30 | Create | Villager (Male) |
| 17:14 | Build | Farm |
| 17:36 | Create | Villager (Male) |
| 18:17 | Create | Villager (Male) |
| 18:53 | Build | Stone Wall |
| 18:59 | Build | Building 490 |
| 19:07 | Research | Castle Age |
| 19:22 | Build | Mining Camp |
| 21:28 | Build | Farm |
| 21:29 | Build | Farm |
| 21:29 | Build | Farm |
| 21:29 | Build | Farm |
| 21:30 | Build | Farm |
| 21:30 | Build | Farm |
| 21:47 | Age | Castle Age |
| 21:52 | Build | Town Center |
| 21:58 | Research | Hand Cart |
| 21:59 | Create | Villager (Male) |
| 22:00 | Create | Villager (Male) |
| 22:39 | Create | Villager (Male) |
| 22:40 | Create | Villager (Male) |
| 23:29 | Build | Lumber Camp |
| 23:34 | Create | Villager (Male) |
| 23:34 | Create | Villager (Male) |
| 23:34 | Create | Villager (Male) |
| 24:13 | Build | Town Center |
| 24:26 | Research | Double-Bit Axe |
| 24:41 | Create | Villager (Male) |
| 24:41 | Create | Villager (Male) |
| 24:42 | Create | Villager (Male) |
| 24:42 | Create | Villager (Male) |
| 24:42 | Create | Villager (Male) |
| 25:01 | Build | House |
| 25:03 | Build | House |
| 25:04 | Build | House |
| 25:05 | Build | House |
| 25:06 | Build | House |
| 25:08 | Build | House |
| 25:10 | Build | House |
| 25:30 | Build | House |
| 26:19 | Build | Castle |
| 26:35 | Build | Siege Workshop |
| 27:02 | Create | Villager (Male) |
| 27:02 | Create | Villager (Male) |
| 27:03 | Create | Villager (Male) |
| 27:03 | Create | Villager (Male) |
| 27:03 | Create | Villager (Male) |
| 27:04 | Create | Villager (Male) |
| 27:04 | Create | Villager (Male) |
| 27:20 | Build | Town Center |
| 27:31 | Build | Town Center |
| 27:49 | Build | Monastery |
| 27:57 | Build | House |
| 27:58 | Build | House |
| 28:16 | Build | House |
| 28:20 | Build | House |
| 28:36 | Build | House |
| 28:37 | Build | House |
| 28:38 | Build | House |
| 28:39 | Build | House |
| 28:40 | Build | House |
| 28:41 | Build | House |
| 28:42 | Build | House |
| 28:44 | Build | House |
| 28:44 | Build | House |
| 28:46 | Build | House |
| 28:59 | Create | Battering Ram |
| 29:11 | Build | Mining Camp |
| 29:19 | Create | Villager (Male) |
| 29:20 | Create | Villager (Male) |
| 29:20 | Create | Villager (Male) |
| 29:20 | Create | Villager (Male) |
| 29:21 | Create | Villager (Male) |
| 29:21 | Create | Villager (Male) |
| 29:22 | Create | Villager (Male) |
| 29:24 | Create | Villager (Male) |
| 29:52 | Build | Farm |
| 29:57 | Build | Farm |
| 30:15 | Build | Farm |
| 30:16 | Build | Farm |
| 30:16 | Build | Farm |
| 30:17 | Build | Farm |
| 30:38 | Build | Farm |
| 30:39 | Build | Farm |
| 30:39 | Build | Farm |
| 30:53 | Build | Farm |
| 30:54 | Build | Farm |
| 30:54 | Build | Farm |
| 31:13 | Create | Villager (Male) |
| 31:14 | Create | Villager (Male) |
| 31:14 | Create | Villager (Male) |
| 31:14 | Create | Villager (Male) |
| 31:15 | Create | Villager (Male) |
| 31:27 | Build | Farm |
| 31:27 | Build | Farm |
| 31:50 | Create | Villager (Male) |
| 31:51 | Create | Villager (Male) |
| 31:51 | Create | Villager (Male) |
| 31:51 | Create | Villager (Male) |
| 31:52 | Create | Villager (Male) |
| 31:52 | Create | Villager (Male) |
| 31:52 | Create | Villager (Male) |
| 31:53 | Create | Villager (Male) |
Build order — CMONT
First 150 of 341 actions detected
| 0:03 | Create | Villager (Male) |
| 0:04 | Research | Loom |
| 0:04 | Create | Villager (Male) |
| 0:04 | Create | Villager (Male) |
| 0:05 | Create | Villager (Male) |
| 0:11 | Build | House |
| 1:09 | Build | Palisade Wall |
| 1:36 | Build | Palisade Wall |
| 1:54 | Create | Villager (Male) |
| 2:45 | Create | Villager (Male) |
| 2:45 | Create | Villager (Male) |
| 2:57 | Build | Palisade Wall |
| 3:18 | Create | Villager (Male) |
| 3:19 | Create | Villager (Male) |
| 3:24 | Build | Mill |
| 3:55 | Create | Villager (Male) |
| 3:55 | Create | Villager (Male) |
| 4:56 | Build | House |
| 5:11 | Create | Villager (Male) |
| 5:57 | Create | Villager (Male) |
| 5:57 | Create | Villager (Male) |
| 6:31 | Create | Villager (Male) |
| 7:07 | Create | Villager (Male) |
| 7:22 | Build | House |
| 7:31 | Create | Villager (Male) |
| 7:31 | Create | Villager (Male) |
| 8:08 | Build | House |
| 8:09 | Build | House |
| 8:11 | Build | House |
| 8:31 | Create | Villager (Male) |
| 8:32 | Create | Villager (Male) |
| 9:19 | Build | Lumber Camp |
| 9:21 | Create | Villager (Male) |
| 9:21 | Create | Villager (Male) |
| 10:01 | Build | Palisade Wall |
| 10:34 | Build | Palisade Wall |
| 10:59 | Create | Villager (Male) |
| 10:59 | Create | Villager (Male) |
| 10:59 | Create | Villager (Male) |
| 11:33 | Create | Villager (Male) |
| 11:33 | Create | Villager (Male) |
| 12:09 | Build | Barracks |
| 12:33 | Build | Mill |
| 12:45 | Create | Villager (Male) |
| 12:46 | Create | Villager (Male) |
| 12:46 | Create | Villager (Male) |
| 13:25 | Build | Palisade Wall |
| 13:55 | Build | Barracks |
| 14:00 | Build | Palisade Wall |
| 14:04 | Create | Villager (Male) |
| 14:04 | Create | Villager (Male) |
| 14:04 | Create | Villager (Male) |
| 14:15 | Build | Palisade Wall |
| 14:32 | Build | Lumber Camp |
| 15:02 | Create | Villager (Male) |
| 15:02 | Create | Villager (Male) |
| 15:09 | Build | Palisade Wall |
| 15:19 | Create | Villager (Male) |
| 15:19 | Create | Villager (Male) |
| 15:24 | Build | Farm |
| 15:45 | Build | Palisade Wall |
| 16:13 | Build | Palisade Wall |
| 16:16 | Create | Villager (Male) |
| 16:20 | Build | Farm |
| 16:22 | Build | Farm |
| 16:22 | Build | Farm |
| 16:23 | Build | Farm |
| 16:23 | Build | Farm |
| 16:27 | Create | Villager (Male) |
| 17:02 | Build | Mining Camp |
| 17:37 | Build | Barracks |
| 17:42 | Create | Villager (Male) |
| 17:42 | Create | Villager (Male) |
| 17:48 | Build | Farm |
| 17:49 | Build | Farm |
| 17:50 | Build | Farm |
| 18:24 | Create | Villager (Male) |
| 18:38 | Build | Mining Camp |
| 18:46 | Build | House |
| 19:01 | Build | House |
| 19:03 | Build | House |
| 19:04 | Build | House |
| 19:05 | Build | House |
| 19:25 | Build | Barracks |
| 19:48 | Build | Mining Camp |
| 20:20 | Research | Feudal Age |
| 20:20 | Research | Feudal Age |
| 20:29 | Build | House |
| 21:23 | Build | Barracks |
| 21:38 | Create | Militia |
| 21:38 | Create | Militia |
| 21:38 | Create | Militia |
| 22:30 | Age | Feudal Age |
| 22:44 | Build | Market |
| 22:55 | Research | Man-at-Arms (upgrade) |
| 22:58 | Create | Militia |
| 22:58 | Create | Militia |
| 22:59 | Create | Militia |
| 22:59 | Create | Militia |
| 23:08 | Create | Militia |
| 23:09 | Create | Militia |
| 23:09 | Create | Militia |
| 23:09 | Create | Militia |
| 23:11 | Research | Arson |
| 23:14 | Create | Militia |
| 23:14 | Create | Militia |
| 23:15 | Create | Militia |
| 23:15 | Create | Militia |
| 23:32 | Build | Stone Wall |
| 23:40 | Build | Building 490 |
| 23:46 | Create | Militia |
| 23:47 | Create | Militia |
| 23:49 | Create | Militia |
| 23:55 | Create | Militia |
| 23:55 | Create | Militia |
| 24:03 | Build | Blacksmith |
| 24:08 | Build | House |
| 24:09 | Build | House |
| 24:09 | Build | House |
| 24:11 | Build | House |
| 24:13 | Research | Horse Collar |
| 24:18 | Research | Double-Bit Axe |
| 24:24 | Build | Stone Wall |
| 24:30 | Build | Stone Wall |
| 24:44 | Create | Militia |
| 24:45 | Create | Militia |
| 24:50 | Create | Militia |
| 24:50 | Create | Militia |
| 24:50 | Create | Militia |
| 25:20 | Create | Villager (Male) |
| 25:20 | Create | Villager (Male) |
| 25:32 | Research | Forging |
| 25:32 | Research | Scale Mail Armor |
| 25:37 | Build | Mining Camp |
| 26:09 | Build | Farm |
| 26:10 | Build | Farm |
| 26:11 | Build | Farm |
| 26:12 | Build | Farm |
| 26:13 | Build | Farm |
| 26:14 | Build | Farm |
| 26:16 | Create | Villager (Male) |
| 26:16 | Create | Villager (Male) |
| 26:16 | Create | Villager (Male) |
| 27:09 | Build | Watch Tower |
| 27:21 | Build | House |
| 27:21 | Build | House |
| 27:28 | Build | House |
| 27:29 | Build | House |
| 27:30 | Build | House |
| 27:34 | Create | Villager (Male) |
Match timeline
| 0:23 | TheRamy'skins.army' · wall_segment Palisade Wall x10 |
| 0:25 | TheRamy'skins.army' · wall_segment Palisade Wall x2 |
| 1:08 | DAMN · wall_segment Palisade Wall x5 |
| 1:09 | CMONT · wall_segment Palisade Wall x11 |
| 1:36 | Frostfel · wall_segment Palisade Wall x9 |
| 1:36 | CMONT · wall_segment Palisade Wall x9 |
| 1:59 | Le Tapete · wall_segment Palisade Wall x6 |
| 2:52 | andy uchiha · wall_segment Palisade Wall x16 |
| 2:57 | CMONT · wall_segment Palisade Wall x1 |
| 3:52 | Le Tapete · wall_segment Palisade Wall x3 |
| 3:54 | DAMN · wall_segment Palisade Wall x1 |
| 4:20 | Le Tapete · wall_segment Palisade Wall x4 |
| 5:50 | Frostfel · wall_segment Palisade Wall x6 |
| 6:03 | Frostfel · wall_segment Palisade Wall x1 |
| 6:05 | Frostfel · wall_segment Palisade Wall x1 |
| 6:14 | Frostfel · wall_segment Palisade Wall x2 |
| 6:18 | Frostfel · wall_segment Palisade Wall x10 |
| 7:52 | DrruuXD · first_building Barracks |
| 8:20 | TheRamy'skins.army' · wall_segment Palisade Wall x13 |
| 10:01 | CMONT · wall_segment Palisade Wall x2 |
| 10:34 | CMONT · wall_segment Palisade Wall x1 |
| 11:32 | He · first_building Barracks |
| 12:09 | CMONT · first_building Barracks |
| 12:33 | Frostfel · first_building Barracks |
| 12:33 | He · age_up feudal |
| 13:25 | CMONT · wall_segment Palisade Wall x3 |
| 13:48 | andy uchiha · age_up feudal |
| 14:00 | CMONT · wall_segment Palisade Wall x1 |
| 14:12 | He · wall_segment Stone Wall x11 |
| 14:15 | CMONT · wall_segment Palisade Wall x9 |
| 14:18 | He · wall_segment Stone Wall x8 |
| 14:37 | DrruuXD · age_up feudal |
| 15:03 | DrruuXD · wall_segment Stone Wall x8 |
| 15:09 | CMONT · wall_segment Palisade Wall x6 |
| 15:16 | DrruuXD · wall_segment Stone Wall x6 |
| 15:19 | DrruuXD · wall_segment Stone Wall x11 |
| 15:21 | DrruuXD · wall_segment Stone Wall x3 |
| 15:45 | CMONT · wall_segment Palisade Wall x9 |
| 16:13 | CMONT · wall_segment Palisade Wall x8 |
| 16:58 | TheRamy'skins.army' · age_up feudal |
| 17:55 | Frostfel · age_up feudal |
| 18:53 | andy uchiha · wall_segment Stone Wall x7 |
| 18:56 | DAMN · age_up feudal |
| 21:46 | DrruuXD · wall_segment Stone Wall x1 |
| 21:47 | andy uchiha · age_up castle |
| 21:52 | Le Tapete · age_up feudal |
| 22:30 | CMONT · age_up feudal |
| 22:38 | DAMN · tribute_sent a jugador 1 |
| 22:38 | DAMN · tribute_sent a jugador 3 |
| 22:38 | DAMN · tribute_sent a jugador 4 |
| 22:38 | DAMN · tribute_sent a jugador 5 |
| 22:38 | DAMN · tribute_sent a jugador 6 |
| 22:38 | DAMN · tribute_sent a jugador 7 |
| 22:38 | DAMN · tribute_sent a jugador 8 |
| 22:50 | TheRamy'skins.army' · first_building Barracks |
| 22:55 | DAMN · first_building Barracks |
| 23:03 | He · tribute_sent a jugador 1 |
| 23:03 | He · tribute_sent a jugador 2 |
| 23:03 | He · tribute_sent a jugador 3 |
| 23:03 | He · tribute_sent a jugador 5 |
| 23:03 | He · tribute_sent a jugador 6 |
| 23:03 | He · tribute_sent a jugador 7 |
| 23:03 | He · tribute_sent a jugador 8 |
| 23:20 | TheRamy'skins.army' · age_up castle |
| 23:32 | CMONT · wall_segment Stone Wall x18 |
| 23:36 | TheRamy'skins.army' · first_market_buy 100 wood |
| 23:52 | andy uchiha · first_market_sell 100 stone |
| 23:53 | TheRamy'skins.army' · first_building Castle |
| 23:54 | DrruuXD · age_up castle |
| 23:54 | andy uchiha · first_market_buy 100 wood |
| 23:57 | DAMN · first_building Archery Range |
| 23:59 | DrruuXD · first_building Castle |
| 24:24 | CMONT · wall_segment Stone Wall x10 |
| 24:30 | He · age_up castle |
| 24:30 | CMONT · wall_segment Stone Wall x9 |
| 25:24 | CMONT · first_market_sell 100 wood |
| 25:26 | CMONT · first_market_buy 100 food |
| 25:32 | DAMN · first_building Stable |
| 25:52 | He · first_building Castle |
| 26:05 | Le Tapete · age_up castle |
| 26:19 | andy uchiha · first_building Castle |
| 26:29 | DrruuXD · first_market_buy 100 stone |
| 26:35 | andy uchiha · first_building Siege Workshop |
| 26:53 | Frostfel · first_building Stable |
| 26:57 | DAMN · age_up castle |
| 27:37 | Frostfel · first_market_buy 100 food |
| 27:49 | andy uchiha · first_building Monastery |
| 28:05 | TheRamy'skins.army' · first_building Archery Range |
| 28:29 | He · first_building Siege Workshop |
| 29:02 | TheRamy'skins.army' · wall_segment Stone Wall x10 |
| 29:18 | CMONT · wall_segment Stone Wall x10 |
| 29:51 | He · first_building Monastery |
| 30:27 | CMONT · wall_segment Stone Wall x12 |
| 30:54 | Frostfel · first_building Archery Range |
| 30:58 | CMONT · wall_segment Stone Wall x3 |
| 30:59 | DrruuXD · wall_segment Stone Wall x6 |
| 30:59 | DrruuXD · wall_segment Stone Wall x8 |
| 31:10 | Frostfel · age_up castle |
| 31:14 | Frostfel · first_building Castle |
| 31:28 | CMONT · wall_segment Stone Wall x8 |
| 32:18 | CMONT · wall_segment Stone Wall x8 |
| 32:29 | DrruuXD · wall_segment Stone Wall x6 |
| 32:43 | Le Tapete · first_building Castle |
| 33:03 | CMONT · first_building Archery Range |
| 33:14 | DrruuXD · wall_segment Stone Wall x10 |
| 33:22 | CMONT · wall_segment Stone Wall x11 |
| 33:32 | andy uchiha · tribute_sent a jugador 1 |
| 33:32 | andy uchiha · tribute_sent a jugador 2 |
| 33:32 | andy uchiha · tribute_sent a jugador 3 |
| 33:32 | andy uchiha · tribute_sent a jugador 4 |
| 33:32 | andy uchiha · tribute_sent a jugador 5 |
| 33:32 | andy uchiha · tribute_sent a jugador 6 |
| 33:32 | andy uchiha · tribute_sent a jugador 8 |
| 33:36 | Frostfel · tribute_sent a jugador 1 |
| 33:36 | Frostfel · tribute_sent a jugador 2 |
| 33:36 | Frostfel · tribute_sent a jugador 3 |
| 33:36 | Frostfel · tribute_sent a jugador 4 |
| 33:36 | Frostfel · tribute_sent a jugador 6 |
| 33:36 | Frostfel · tribute_sent a jugador 7 |
| 33:36 | Frostfel · tribute_sent a jugador 8 |
| 34:49 | CMONT · wall_segment Stone Wall x6 |
| 34:54 | andy uchiha · tribute_sent a jugador 1 |
| 34:54 | andy uchiha · tribute_sent a jugador 2 |
| 34:54 | andy uchiha · tribute_sent a jugador 3 |
| 34:54 | andy uchiha · tribute_sent a jugador 4 |
| 34:54 | andy uchiha · tribute_sent a jugador 5 |
| 34:54 | andy uchiha · tribute_sent a jugador 6 |
| 34:54 | andy uchiha · tribute_sent a jugador 8 |
| 34:55 | DAMN · first_building Monastery |
| 35:06 | CMONT · wall_segment Stone Wall x11 |
| 35:14 | TheRamy'skins.army' · first_building Stable |
| 35:28 | CMONT · age_up castle |
| 35:38 | CMONT · first_building Siege Workshop |
| 35:51 | CMONT · wall_segment Stone Wall x10 |
| 36:40 | DAMN · first_building Castle |
| 36:50 | He · first_building Archery Range |
| 37:17 | TheRamy'skins.army' · first_building Siege Workshop |
| 37:20 | andy uchiha · wall_segment Stone Wall x9 |
| 37:35 | Le Tapete · first_building Monastery |
| 37:36 | CMONT · wall_segment Stone Wall x3 |
| 38:12 | TheRamy'skins.army' · age_up imperial |
| 38:37 | Le Tapete · first_building Siege Workshop |
| 39:36 | CMONT · first_building Monastery |
| 39:59 | He · first_market_sell 100 wood |
| 40:00 | DrruuXD · first_building Stable |
| 40:07 | DrruuXD · first_building Siege Workshop |
| 40:12 | andy uchiha · first_building Barracks |
| 40:16 | CMONT · wall_segment Stone Wall x1 |
| 40:30 | CMONT · wall_segment Stone Wall x9 |
| 40:56 | He · age_up imperial |
| 41:18 | CMONT · wall_segment Stone Wall x11 |
| 41:26 | Frostfel · first_building Siege Workshop |
| 41:28 | andy uchiha · age_up imperial |
| 42:45 | CMONT · wall_segment Stone Wall x1 |
| 42:54 | CMONT · wall_segment Stone Wall x1 |
| 42:55 | DAMN · first_building Siege Workshop |
| 43:27 | DrruuXD · age_up imperial |
| 45:03 | CMONT · first_building Castle |
| 45:34 | DAMN · age_up imperial |
| 45:44 | Le Tapete · first_building Barracks |
| 46:42 | DrruuXD · first_building Monastery |
| 47:03 | Le Tapete · age_up imperial |
| 47:50 | CMONT · wall_segment Stone Wall x1 |
| 47:53 | Frostfel · wall_segment Stone Wall x1 |
| 48:01 | Frostfel · wall_segment Stone Wall x1 |
| 48:07 | Frostfel · wall_segment Stone Wall x1 |
| 48:09 | Frostfel · wall_segment Stone Wall x1 |
| 48:20 | CMONT · wall_segment Stone Wall x2 |
| 48:51 | Frostfel · wall_segment Stone Wall x1 |
| 49:13 | Frostfel · wall_segment Stone Wall x1 |
| 49:14 | Frostfel · wall_segment Stone Wall x1 |
| 49:16 | Frostfel · wall_segment Stone Wall x1 |
| 49:59 | DrruuXD · wall_segment Stone Wall x11 |
| 50:03 | He · tribute_sent a jugador 1 |
| 50:03 | He · tribute_sent a jugador 2 |
| 50:03 | He · tribute_sent a jugador 3 |
| 50:03 | He · tribute_sent a jugador 5 |
| 50:04 | He · tribute_sent a jugador 6 |
| 50:04 | He · tribute_sent a jugador 7 |
| 50:04 | He · tribute_sent a jugador 8 |
| 52:42 | CMONT · age_up imperial |
| 54:26 | Frostfel · resign |
[ AI ANALYSIS · 1 CREDIT ]
What really happened in this match?
Wolo.gg analyzes every decision: build order, eco, micro, common mistakes by bracket. Personalized analysis on WhatsApp or Discord in 30 seconds.
Civ guide
Spanish
Map guide
Black Forest
Perfil
Frostfel